 Dungeon Crawl Stone Soup version 0.30.1-4-g462c640d31 (webtiles) character file.

Game seed: 4451611001731424798

409 spardeous the Cleaver (level 6, 0/51 HPs)
             Began as a Minotaur Berserker on Aug 21, 2023.
             Was a Believer of Trog.
             Slain by Eustachio
             ... wielding a +0 rapier
              (7 damage)
             ... on level 4 of the Dungeon.
             The game lasted 00:02:17 (2707 turns).

spardeous the Cleaver (Minotaur Berserker)          Turns: 2707, Time: 00:02:18

Health: 0/51       AC:  5    Str: 25      XL:     6   Next: 58%
Magic:  1/1        EV: 11    Int:  4      God:    Trog [**....]
Gold:   202        SH:  3    Dex: 13 (16) Spells: 5/5 levels left

rFire   . . .        p - +1 mace of Floods {antimagic, Str+2}
rCold   . . .        o - +0 buckler
rNeg    . . .        h - +0 ring mail
rPois   .            (helmet restricted)
rElec   .            (no cloak)
rCorr   .            (no gloves)
SInv    .            (no boots)
Will    .....        (no amulet)
Stlth   +            i - +6 ring of dexterity
HPRegen 0.28/turn    (no ring)
MPRegen 0.07/turn

%: no passive effects
@: on berserk cooldown, slowed, very slow
A: horns 2, retaliatory headbutt
a: Renounce Religion, Berserk, Trog's Hand


You were on level 4 of the Dungeon.
You worshipped Trog.
Trog was pleased with you.
You visited 1 branch of the dungeon, and saw 4 of its levels.

You collected 202 gold pieces.

Inventory:

Hand Weapons
 a - a +0 hand axe
 g - a +2 mace of protection
 p - the +1 mace of Floods (weapon) {antimagic, Str+2}
   (You found it on level 3 of the Dungeon)

   Str:       It affects your strength (+2).
Armour
 b - a +0 animal skin
 h - a +0 ring mail (worn)
 o - a +0 buckler (worn)
Jewellery
 i - a +6 ring of dexterity (left hand)
Scrolls
 c - 4 scrolls of identify {unknown}
 e - a scroll of teleportation {unknown}
 f - a scroll of amnesia {unknown}
 j - a scroll of fear {unknown}
 m - a scroll of vulnerability {unknown}
 n - 2 scrolls of enchant armour {unknown}
 q - a scroll of enchant weapon {unknown}
Potions
 d - a potion of berserk rage {unknown}
 k - a potion of cancellation {unknown}
 l - a potion of might


   Skills:
 - Level 3.6 Fighting
 + Level 9.0 Axes
 - Level 2.4 Armour
 - Level 2.1 Dodging


You had 5 spell levels left.
You didn't know any spells.
Your spell library was empty.

Dungeon Overview and Level Annotations

Branches:
Dungeon (4/15)
 Temple: D:4-7

Altars:
Ashenzari

Annotations:
D:4 Eustachio


Innate Abilities, Weirdness & Mutations

You have a pair of horns on your head.
You reflexively headbutt those who attack you in melee.


Message History

Eustachio is severely wounded.
The bat hits you but does no damage. The crimson imp closely misses you.
The quasit closely misses you. The quasit barely misses you.
The quasit claws you.
* * * LOW HITPOINT WARNING * * *
You feel clumsy. Eustachio barely misses you. The crimson imp hits you.
* * * LOW HITPOINT WARNING * * *
Eustachio falters for a moment.
You block the quasit's attack. The quasit closely misses you. x2
You take 2 damage, and have 8/51 hp.
Unknown command.
Unknown command.
You hit Eustachio.
Eustachio's magic leaks into the air.
Eustachio is almost dead.
You block the bat's attack.
The quasit bites you but does no damage.
The quasit claws you but does no damage.
The quasit closely misses you.
The crimson imp hits you but does no damage.
Eustachio barely misses you. The quasit bites you.
* * * LOW HITPOINT WARNING * * *
The quasit claws you but does no damage.
The quasit barely misses you.
You take 1 damage, and have 7/51 hp.
Unknown command.
Unknown command.
Unknown command.
Unknown command.
You hit Eustachio but do no damage.
Eustachio is almost dead.
The bat misses you. You furiously retaliate!
You headbutt the bat.
You kill the bat!
The bat's corpse disappears in a puff of smoke!
The crimson imp hits you but does no damage.
You block the quasit's attack.
The quasit claws you but does no damage. x2
Eustachio screams, "Hey, you killed my favourite bat!"
Eustachio hits you with a +0 rapier!
You die...

##.#.# #.# #.# #.#
#..<. #.#..##..# #.#
#.# #.### ##.#.##.##
#.# #.. ##†##
#.#.##.# #.#
#####...## #.#.##.#
#......... #.#.##.#
#.###...## #.#.##.##
##.## #.#.#...#######
#..
#.#.........§@##.#.##
#.#
#.###...###.55@......
..#
#.####.####..5r......
..#
#............###.#.##
### ######†####..#
..... #... .... ..#
########## ##


You could see Eustachio (magic disrupted), a quasit (summoned), a crimson imp
(summoned), a shadow imp (summoned) and a quokka (summoned).

Vanquished Creatures
  A black bear (D:4)
  An ogre (D:3)
  An orc wizard (D:4)
  Natasha (thrice) (D:2)
  6 adders
  A worm (D:3)
  A dart slug (D:2)
  6 orcs (D:4)
  6 endoplasms
  2 giant cockroaches
  8 goblins
  6 hobgoblins
  4 jackals (D:3)
  9 quokkas
  7 ball pythons
  3 bats
  3 frilled lizards
  6 kobolds
  2 rats
76 creatures vanquished.

Notes
Turn   | Place    | Note
-------+----------+-------------------------------------------
     0 | D:1      | spardeous the Minotaur Berserker began the quest for the
                  | Orb.
     0 | D:1      | Reached XP level 1. HP: 19/19 MP: 0/0
    87 | D:1      | Reached skill level 4 in Axes
   165 | D:1      | Reached XP level 2. HP: 26/26 MP: 1/1
   364 | D:2      | Reached skill level 5 in Axes
   364 | D:2      | Reached XP level 3. HP: 30/31 MP: 2/2
   372 | D:2      | Reached ** piety under Trog
   519 | D:2      | Noticed Natasha
   526 | D:2      | Killed Natasha
   527 | D:2      | Reached skill level 6 in Axes
   527 | D:2      | Reached XP level 4. HP: 32/39 MP: 3/3
   619 | D:2      | Noticed Natasha
   625 | D:2      | Killed Natasha
   663 | D:2      | Noticed Natasha
   671 | D:2      | Killed Natasha
  1029 | D:3      | Reached XP level 5. HP: 45/45 MP: 4/4
  1033 | D:3      | Reached skill level 7 in Axes
  1080 | D:3      | Noticed an ogre
  1087 | D:3      | Killed an ogre
  1296 | D:3      | Found a faded altar of an unknown god.
  1396 | D:3      | Found a broken altar of Ashenzari.
  1402 | D:3      | Reached skill level 8 in Axes
  1495 | D:3      | Identified the +1 mace of Floods {antimagic, Str+2}
  2310 | D:4      | Noticed a black bear
  2317 | D:4      | Killed a black bear
  2318 | D:4      | Reached XP level 6. HP: 38/51 MP: 1/5
  2560 | D:4      | Reached skill level 9 in Axes
  2670 | D:4      | Noticed Eustachio
  2707 | D:4      | Slain by Eustachio

Illustrated notes

Levels and vault maps discovered:
D:1:      wander_arrival_desolate, layout_basic
D:2:      layout_basic, uniq_natasha
D:3:      layout_basic, cheibrodos_ashenzari_chains,
          shapermc_ecumenical_altar_mp_urbaneastern
D:4:      layout_loops_ring, dreamdust_gnoll_farm, uniq_eustachio

Skill      XL: |  1  2  3  4  5  6 |
---------------+-------------------+-----
Axes           | 4 5 6 8 9 |  9.0
Fighting       | |  3.6
Armour         | |  2.4
Dodging        | |  2.1

Action                     |  1- 3 |  4- 6 || total
---------------------------+-------+-------++-------
  Melee: Hand axe          |    18 |       ||    18
         Headbutt          |     6 |    21 ||    27
         Mace              |    23 |   115 ||   138
 Invoke: Berserk           |       |     2 ||     2
   Stab: Sleeping          |     2 |       ||     2
 Armour: Animal skin       |     8 |       ||     8
         Ring mail         |     4 |    63 ||    67
  Dodge: Dodged            |    43 |    97 ||   140
  Block: Buckler           |       |    21 ||    21
